AoeStats
← Chlupinek

Black Forest

507315901Analyzed
4v4 RM · 13d ago on Sep 17, 2026· 34m 53s· 8 players
Game mode
Random Map
Map size
Large (8 player)
Population
200
Speed
Normal
Resources
Standard
Victory
Conquest
Starting age
Dark Age
Ending age
Imperial Age
RankedLock teamsTeams togetherTeam positionsShared explorationLock speedFull tech treeHidden civsTurbo modeCheats
Victory
Defeat
🇲🇽 Mongols · Mexico
1756
+11
🇹🇼 Bengalis · Taiwan
1752
+12
🇨🇿 Turks · Czechia
1700
+14
🇧🇷 Armenians · Brazil
1686
+14
1780
-18
🇮🇳 Slavs · India
1638
-12
🇻🇳 Burmese · Vietnam
1620
-12
🇲🇽 Wu · Mexico
1561
-9
Chlupinek
10:23 Feudal Age
14:10 Castle Age
12:16 Double-Bit Axe
12:13 Horse Collar
20:39 Bow Saw
23:15 Heavy Plow
23:32 Gold Mining
25:04 Gold Shaft Mining
25:38 Wheelbarrow
29:17 Imperial Age
27:03 Hand Cart
28:08 Scale Barding Armor
27:47 Treadmill Crane
29:38 Chain Barding Armor
29:25 Heavy Camel Rider
30:09 Scale Mail Armor
30:22 Forging
30:37 Conscription
30:50 Husbandry
31:24 Bloodlines
31:52 Plate Barding Armor
32:46 Iron Casting
32:27 Loom
32:28 Town Watch
32:47 Caravan
33:56 Ballistics
35:05 Blast Furnace
33:56 Fletching
34:17 Masonry
35:18 Two-Man Saw
34:20 Stone Mining
34:33 Artillery
35:41 Hoardings
|Thepejezombie
0:49 Loom
11:04 Feudal Age
15:43 Castle Age
13:37 Double-Bit Axe
14:40 Fletching
17:55 Bodkin Arrow
26:27 Bow Saw
30:14 Horse Collar
33:35 Wheelbarrow
[TNT] TW_RED
0:40 Loom
9:37 Feudal Age
10:13 Town Watch
16:32 Castle Age
14:48 Double-Bit Axe
17:55 Bow Saw
17:59 Horse Collar
21:55 Fortified Wall
22:52 Wheelbarrow
24:11 Gold Mining
25:13 Fortified Wall
25:45 Heavy Plow
30:59 Imperial Age
29:11 Fletching
29:42 Ballistics
30:00 Bodkin Arrow
30:31 Hand Cart
31:50 Bracer
32:51 Chemistry
33:10 Two-Man Saw
33:32 Gold Shaft Mining
33:41 Crop Rotation
33:14 Padded Archer Armor
33:21 Elite Elephant Archer
34:52 Conscription
35:24 Bloodlines
35:14 Husbandry
35:47 Mahayana
Hoyall
11:10 Feudal Age
12:56 Double-Bit Axe
15:34 Castle Age
14:27 Horse Collar
16:38 Bow Saw
20:43 Heavy Plow
25:29 Wheelbarrow
26:19 Scale Mail Armor
26:30 Forging
27:00 Gold Mining
26:34 Man-at-Arms
27:15 Squires
27:01 Gambesons
27:20 Arson
27:52 Chain Mail Armor
28:18 Gold Shaft Mining
27:31 Long Swordsman
28:12 Two-Handed Swordsman
29:42 Champion
34:07 Iron Casting
CAXCAN
11:28 Feudal Age
13:40 Double-Bit Axe
15:56 Castle Age
13:51 Horse Collar
15:55 Fletching
17:27 Loom
22:31 Red Cliffs Tactics
23:22 Bodkin Arrow
thanh7531
0:39 Loom
13:09 Feudal Age
17:25 Castle Age
15:58 Man-at-Arms
18:44 Wheelbarrow
20:25 Caravan
29:58 Hand Cart
31:14 Bloodlines
31:23 Scale Barding Armor
32:47 Chain Barding Armor
32:54 Horse Collar
Ginger lee fondle your meatballs
1:28 Loom
9:38 Feudal Age
10:25 Double-Bit Axe
11:07 Horse Collar
19:35 Castle Age
24:23 Wheelbarrow
30:46 Fletching
31:08 Guard Tower
33:28 Bow Saw
33:36 Bodkin Arrow
Viper
10:46 Feudal Age
12:07 Double-Bit Axe
14:28 Castle Age
12:41 Horse Collar
15:17 Scale Mail Armor
15:40 Bow Saw
16:46 Wheelbarrow
16:59 Chain Mail Armor
16:17 Man-at-Arms
17:17 Long Swordsman
24:46 Heavy Plow
32:06 Imperial Age
29:46 Gold Mining
31:09 Gold Shaft Mining
30:27 Stone Mining
31:14 Gold Shaft Mining
31:25 Hand Cart
30:55 Loom
33:00 Coinage
32:29 Heavy Scorpion
33:48 Scale Barding Armor
33:55 Forging
33:12 Pikeman
34:28 Plate Mail Armor
34:25 Conscription
34:07 Detinets
Connection lost

Rejoining the realm…

Still unreachable

The connection could not be restored.

Session expired

The server has moved on; the page needs a fresh start.